Map: Cyber Forest LE

Players

Kelazhur

  • Race: Terran Terran
  • Spawn Location: 5:00

Elazer - Winner!

  • Race: Zerg Zerg
  • Spawn Location: 11:00

Event: 2019 WCS Spring

VOD

Have the link to the VOD?

Description

Time

  • Played on: May 18, 2019, 9:30 a.m.
  • Length: 17:09

All games in this series

Show
View Real Time Build Order
Export as new Build Order

Kelazhur Terran 

Build Orders: Reaper Expand, Hellion Banshee 

Get SALT Encoding   

  12  0:00  SCV  
  13  0:12  SCV  
  14  0:17  Supply Depot  
  14  0:24  SCV  
  15  0:38  SCV  
  15  0:40  Barracks  
  16  0:43  Refinery  
  16  0:50  SCV  
  17  1:02  SCV  
  18  1:15  SCV  
  19  1:26  Reaper  
  19  1:27  Orbital Command  
  20  1:39  Command Center  
  20  1:46  Supply Depot  
  20  1:52  SCV  
  21  1:58  Marine  
  22  2:03  Factory  
  22  2:07  SCV  
  23  2:12  Refinery  
  23  2:19  SCV  
  23  2:20  Barracks Reactor  
  24  2:31  SCV  
  25  2:44  SCV  
  26  2:52  Orbital Command, Starport  
  26  2:56  SCV  
  27  3:00  Hellion x2  
  31  3:08  Barracks Tech Lab, SCV  
  32  3:18  Supply Depot  
  32  3:19  SCV  
  33  3:20  SCV  
  33  3:23  Hellion x2  
  38  3:31  SCV  
  38  3:33  SCV  
  40  3:34  Banshee  
  40  3:37  Cloaking Field  
  43  3:43  SCV  
  43  3:45  SCV  
  43  3:48  Hellion x2  
  49  3:51  Supply Depot  
  49  3:55  SCV  
  50  3:57  SCV  
  51  4:07  SCV  
  52  4:13  Command Center  
  52  4:15  SCV  
  53  4:18  Banshee  
  53  4:21  SCV  
  57  4:24  Barracks Tech Lab  
  57  4:25  Supply Depot  
  57  4:28  SCV  
  57  4:30  Barracks  
  58  4:33  SCV  
  58  4:35  Factory Reactor  
  58  4:37  Barracks  
  59  4:40  SCV  
  59  4:44  Marine  
  61  4:45  Stimpack, SCV  
  61  4:52  SCV  
  63  4:54  Engineering Bay  
  63  4:57  Engineering Bay  
  63  4:58  SCV  
  64  5:02  Marine  
  64  5:04  SCV  
  66  5:09  Refinery  
  66  5:10  Refinery, SCV  
  66  5:13  Banshee  
  67  5:16  SCV  
  67  5:20  Marine x2  
  70  5:24  SCV  
  71  5:28  SCV  
  71  5:32  Orbital Command, Factory Tech Lab  
  71  5:33  Terran Infantry Armor Level 1, Terran Infantry Weapons Level 1  
  70  5:36  Marine x2, SCV  
  70  5:40  SCV  
  70  5:41  Marine x3  
  75  5:51  SCV  
  75  5:53  Siege Tank  
  75  5:54  Marine x2  
  81  6:01  SCV  
  81  6:03  Orbital Command  
  82  6:06  SCV  
  82  6:07  Marine x2, Starport Reactor  
  85  6:14  Marine  
  86  6:19  Barracks, Supply Depot  
  86  6:21  Barracks  
  86  6:22  Supply Depot  
  86  6:23  SCV  
  86  6:24  Marine x2  
  86  6:25  Marine  
  90  6:26  SCV  
  90  6:31  SCV  
  92  6:35  SCV  
  93  6:40  SCV  
  93  6:42  Marine x2  
  93  6:43  Marine x2, SCV  
  93  6:46  Combat Shield  
  99  6:47  SCV  
  99  6:52  Armory, SCV  
  101  6:59  Marauder  
  101  7:00  SCV x2  
  103  7:01  Refinery, Medivac x2  
  103  7:06  Marine x2  
  109  7:08  Barracks Reactor  
  109  7:17  Marine  
  109  7:18  Marine, Siege Tank  
  109  7:20  Barracks Reactor  
  109  7:21  SCV x3  
  104  7:30  Marine x2  
  104  7:31  Command Center, Marauder  
  108  7:40  SCV  
  108  7:43  Supply Depot, Terran Infantry Armor Level 2, Terran Infantry Weapons Level 2  
  109  7:49  Supply Depot  
  108  7:51  Supply Depot x2  
  108  7:52  Marauder  
  108  7:54  SCV  
  108  7:55  Marine  
  108  7:56  SCV x2  
  108  7:58  Marine  
  105  8:05  Marine x2  
  105  8:06  Marine, SCV  
  105  8:09  Supply Depot  
  105  8:11  SCV x2  
  111  8:14  Medivac x2, Supply Depot  
  115  8:25  SCV  
  116  8:28  Marine x8  
  116  8:30  Marauder  
  116  8:31  SCV x2  
  128  8:35  Siege Tank  
  128  8:38  SCV  
  128  8:40  Supply Depot  
  132  8:42  Supply Depot  
  132  8:44  Medivac x2  
  132  8:45  Marine  
  132  8:48  Refinery  
  137  8:55  Marine  
  136  8:56  Marine, Marauder  
  136  9:02  Marine x5  
  144  9:03  Marine  
  144  9:07  Siege Tank  
  148  9:13  Marine x2  
  148  9:14  Medivac x2  
  154  9:18  Marauder  
  154  9:20  Marine, Supply Depot  
  154  9:21  Terran Vehicle Weapons Level 1, Supply Depot  
  154  9:22  Marine  
  157  9:24  Planetary Fortress  
  157  9:26  Marine  
  157  9:30  Marine  
  157  9:31  Marine  
  159  9:41  Siege Tank  
  159  9:43  Marine, Marauder  
  159  9:44  Medivac x2  
  169  9:48  Marine x3  
  172  9:54  SCV x2  
  172  9:56  Barracks  
  172  9:57  Barracks x2  
  174  10:00  Marine  
  174  10:01  Terran Infantry Weapons Level 3  
  174  10:02  Terran Infantry Armor Level 3  
  174  10:05  Marauder  
  177  10:19  Marine  
  177  10:20  Marine x3  
  181  10:22  Marine, Liberator x2  
  182  10:31  Marauder  
  182  10:34  Sensor Tower  
  186  10:48  Command Center  
  186  10:53  Marauder  
  186  10:55  Barracks Tech Lab x3  
  188  10:57  Ghost Academy  
  188  11:02  Marine  
  188  11:14  Marine x2  
  188  11:15  Marine, Liberator x2  
  188  11:24  Marine x2  
  188  11:26  Marine x2  
  188  11:27  Siege Tank  
  188  11:28  Marauder x2  
  188  11:29  Marauder  
  188  11:31  Marauder  
  179  11:33  Marine x4  
  157  11:42  Marine  
  157  11:44  Marine x3  
  153  11:49  Terran Vehicle Weapons Level 2, Marauder x2  
  153  11:50  Marauder  
  153  11:51  Marine x2  
  153  11:52  Marauder  
  163  11:54  Starport  
  163  11:56  Starport  
  163  11:58  Concussive Shells  
  163  12:00  Siege Tank  
  166  12:01  Refinery, SCV  
  166  12:02  Refinery, SCV x2  
  169  12:10  Marauder  
  169  12:13  Ghost x3, SCV  
  169  12:15  Marine x7  
  185  12:41  Ghost  
  185  12:42  Marine x7, Ghost x2  
  175  13:10  Marine, Ghost x3  
  175  13:11  Marine x6  
  181  13:23  Marine x2  
  181  13:27  Orbital Command  
  181  13:28  Marine x2  
  177  13:37  Medivac x2  
  177  13:39  Marauder  
  181  13:48  SCV x2  
  178  13:51  Marine  
  178  13:52  Marine x6  
  178  13:55  Siege Tank  
  188  14:11  Marine x3, Medivac x2  
  128  14:17  Marine x7, Marauder  
  128  14:18  Orbital Command  
  135  14:28  Marine  
  135  14:30  Marine  
  135  14:31  Marine  
  133  14:41  Medivac x2  
  124  14:55  Marine x2  
  124  14:56  Marauder x2  
  105  15:11  Marauder  
  105  15:13  Ghost  
  98  15:18  Marine  
  98  15:19  SCV x2  
  99  15:31  SCV  
  100  15:38  Marine x2  
  102  15:43  SCV x2, Medivac  
  102  15:49  Marine  
  106  15:50  Marauder  
  106  15:52  Marine  
  106  15:53  Orbital Command  
  96  15:57  Marauder  
  96  16:01  Marauder  
  75  16:11  Marine, Marauder x2  
  75  16:14  Marine  
  71  16:23  Medivac  
  73  16:29  Medivac  
  73  16:30  Marine  
  76  16:44  Marine, Marauder  
  67  16:47  Marine  
  67  16:49  Marine  
  67  16:50  Marine x4  
Show
View Real Time Build Order
Export as new Build Order

Elazer Zerg - Winner!

Build Orders: Hatch First 

Get SALT Encoding   

  12  0:00  Drone  
  13  0:12  Overlord  
  13  0:17  Drone  
  14  0:30  Drone x2  
  16  0:48  Hatchery  
  15  0:51  Drone  
  15  0:54  Drone  
  17  0:58  Drone  
  18  1:09  Extractor  
  17  1:13  Spawning Pool  
  17  1:17  Drone  
  17  1:20  Drone  
  18  1:28  Drone  
  19  1:41  Drone  
  20  1:50  Drone  
  21  2:00  Queen x2  
  21  2:01  Zergling x4  
  27  2:14  Hatchery  
  26  2:18  Overlord  
  26  2:22  Drone  
  27  2:24  Drone  
  28  2:32  Metabolic Boost  
  28  2:40  Drone x2  
  28  2:41  Drone  
  31  2:46  Queen  
  33  2:52  Overlord  
  33  2:54  Drone  
  33  2:58  Drone  
  35  3:01  Drone  
  36  3:11  Drone  
  37  3:13  Drone  
  37  3:15  Drone x4  
  37  3:18  Overlord  
  42  3:22  Queen  
  44  3:28  Queen  
  44  3:33  Drone x2  
  48  3:37  Drone x2  
  48  3:40  Zergling x2  
  51  3:42  Zergling x6  
  51  3:44  Zergling x2  
  55  3:52  Overlord  
  55  3:54  Drone x2  
  57  3:56  Extractor  
  57  3:57  Extractor  
  57  3:59  Drone x3  
  60  4:04  Overlord  
  60  4:08  Overlord  
  60  4:10  Queen  
  60  4:11  Drone x2  
  60  4:15  Baneling Nest  
  63  4:18  Drone x2  
  63  4:20  Drone  
  66  4:25  Spore Crawler  
  66  4:28  Spore Crawler  
  66  4:30  Drone  
  66  4:31  Drone x3, Spore Crawler  
  67  4:34  Drone  
  67  4:37  Drone x3  
  71  4:42  Drone x3, Overlord  
  71  4:44  Drone  
  71  4:45  Drone  
  76  4:50  Drone  
  77  4:55  Lair  
  77  4:58  Queen  
  79  5:03  Extractor x2, Drone x4, Overlord  
  79  5:05  Drone  
  79  5:06  Drone  
  83  5:09  Extractor  
  83  5:12  Overlord  
  82  5:15  Zergling x2  
  82  5:19  Hatchery  
  82  5:20  Drone x4  
  86  5:26  Drone  
  86  5:28  Overlord  
  87  5:30  Overlord  
  87  5:34  Drone x5  
  92  5:36  Evolution Chamber  
  92  5:37  Overlord  
  92  5:41  Drone  
  92  5:42  Extractor  
  91  5:45  Extractor, Overlord  
  91  5:46  Hatchery  
  91  5:48  Drone  
  90  5:53  Drone  
  90  5:55  Overlord  
  93  5:57  Drone x2  
  93  5:58  Drone  
  93  6:00  Centrifical Hooks, Overlord  
  93  6:02  Overseer  
  93  6:04  Overseer  
  93  6:05  Overlord  
  93  6:06  Zerg Missile Weapons Level 1  
  93  6:10  Hydralisk Den  
  92  6:13  Zergling x14  
  92  6:16  Overlord  
  99  6:20  Evolution Chamber  
  99  6:23  Overlord  
  98  6:27  Zergling x10  
  98  6:28  Baneling  
  98  6:29  Baneling x5  
  103  6:36  Drone x6  
  109  6:43  Overlord  
  103  6:48  Zerg Ground Armor Level 1  
  103  6:49  Drone x6  
  103  6:51  Muscular Augments  
  103  6:53  Drone x4  
  112  6:55  Overlord  
  111  7:01  Overlord  
  111  7:03  Overlord  
  111  7:04  Zergling x6  
  111  7:06  Overlord  
  112  7:11  Overlord  
  112  7:12  Baneling x6  
  112  7:13  Zergling x6  
  110  7:18  Overlord  
  110  7:19  Zergling x2  
  110  7:20  Zergling x6  
  112  7:24  Overlord  
  112  7:27  Zergling x10  
  117  7:35  Overlord  
  117  7:36  Infestation Pit, Drone x5  
  121  7:37  Drone  
  121  7:41  Drone x2  
  121  7:42  Drone  
  121  7:43  Drone  
  126  7:44  Burrow  
  126  7:48  Hydralisk x2  
  129  7:57  Hydralisk x4  
  129  8:03  Zerg Melee Weapons Level 1  
  129  8:04  Grooved Spines  
  127  8:13  Zergling x12  
  127  8:15  Baneling x6  
  132  8:22  Overseer  
  132  8:23  Zergling x12  
  132  8:26  Hatchery  
  131  8:27  Hive  
  131  8:29  Drone x2  
  131  8:32  Drone  
  131  8:33  Drone x3  
  137  8:38  Drone  
  137  8:40  Extractor  
  137  8:41  Drone x3  
  139  8:43  Zergling x14  
  147  8:53  Zerg Ground Armor Level 2  
  141  9:06  Hydralisk x8  
  157  9:11  Zergling x4  
  157  9:12  Zergling x14  
  165  9:26  Zergling x2  
  165  9:27  Zergling x10  
  171  9:36  Queen  
  171  9:38  Drone  
  171  9:41  Drone, Viper x3, Spore Crawler x2  
  171  9:42  Spore Crawler  
  171  9:43  Adrenal Glands, Spore Crawler  
  176  9:47  Ultralisk Cavern  
  176  9:49  Zergling x2  
  176  9:50  Zergling x20  
  186  9:54  Spire  
  185  10:03  Zerg Melee Weapons Level 2  
  184  10:24  Spore Crawler  
  176  10:36  Chitinous Plating  
  176  10:37  Ultralisk  
  176  10:38  Ultralisk x3  
  191  11:09  Ultralisk x3  
  191  11:10  Zergling x8  
  200  11:13  Baneling  
  200  11:14  Baneling x8  
  199  11:23  Zergling x2  
  199  11:24  Zergling x20  
  185  11:36  Zergling x26  
  183  11:40  Zergling x2  
  181  11:47  Drone x4  
  181  11:49  Drone, Hatchery  
  181  11:53  Zerg Ground Armor Level 3  
  181  11:54  Greater Spire  
  185  11:55  Anabolic Synthesis  
  185  11:58  Drone x2  
  185  11:59  Infestor  
  185  12:00  Drone  
  190  12:03  Drone x2  
  190  12:06  Zergling x4  
  194  12:08  Baneling  
  194  12:09  Baneling x6  
  194  12:14  Zergling x10  
  198  12:26  Extractor, Hatchery  
  196  12:49  Zergling x2  
  196  12:50  Zergling x18  
  177  13:18  Ultralisk x3  
  169  13:20  Zergling x26  
  169  13:26  Viper x2  
  172  13:28  Zergling x24  
  172  13:33  Zergling x2  
  172  13:34  Zergling x12  
  171  13:41  Ultralisk  
  171  13:42  Ultralisk  
  179  13:50  Baneling x9  
  179  13:51  Corruptor x2, Zergling x2  
  179  13:52  Zergling x6  
  179  13:55  Baneling x2  
  187  13:58  Baneling x2  
  187  14:02  Zergling x12  
  187  14:13  Zergling x12  
  138  14:21  Ultralisk  
  138  14:23  Baneling  
  138  14:24  Baneling x3  
  144  14:28  Zergling x20  
  142  14:34  Zergling x2  
  142  14:36  Ultralisk x2, Zergling x4  
  157  14:43  Zergling x6  
  147  14:47  Corruptor x2  
  147  14:51  Zergling x8  
  152  14:56  Ultralisk  
  155  15:00  Zergling x14  
  155  15:01  Hatchery  
  146  15:10  Ultralisk  
  142  15:15  Zergling x12  
  148  15:22  Zergling x10  
  153  15:29  Zergling x6  
  153  15:32  Overlord  
  156  15:39  Zergling x8  
  155  15:44  Ultralisk  
  155  15:46  Baneling  
  155  15:47  Baneling x2  
  155  15:49  Baneling  
  158  15:50  Baneling  
  158  15:52  Zergling x8  
  158  15:56  Zergling x6  
  144  16:00  Zergling x6  
  134  16:05  Zergling x6  
  134  16:11  Zergling x8  
  122  16:16  Zergling x8  
  118  16:28  Zergling x18  
  127  16:34  Zergling x2  
  127  16:35  Zergling x2  
  127  16:38  Corruptor x2  
  131  16:41  Zergling x2  
  131  16:42  Zergling x4  
  131  16:45  Zergling x6  
  127  16:49  Zergling x8  
Tags
 
Add a new tag
Caveats
  • Supply blocks, unpowered buildings, or Contaminate may cause inaccurate times.
  • Supply counts are checked every 10 seconds.